 Dungeon Crawl Stone Soup version 0.29-a0-323-g050149af67 (webtiles) character file.

Game seed: 5301858498798586630

6524 chopper the Protected (level 10, -4/132 HPs)
             Began as a Minotaur Fighter on Apr 12, 2022.
             Was a Follower of Qazlal.
             Slain by a death yak simulacrum (35 damage)
             ... on level 1 of the Lair of Beasts.
             The game lasted 00:53:24 (9346 turns).

chopper the Protected (Minotaur Fighter)            Turns: 9346, Time: 00:53:24

Health: -4/132     AC: 23    Str: 29    XL:     10   Next: 69%
Magic:  9/9        EV:  9    Int:  5    God:    Qazlal [*.....]
Gold:   338        SH:  7    Dex: 12    Spells: 9/9 levels left

rFire   . . .      SeeInvis .   t - +9 rapier "Deaklyr" {flame, *Rage rN++ Will++}
rCold   . . .      Faith    .   c - +0 buckler
rNeg    + + .      Spirit   .   R - +1 plate armour
rPois   .          Reflect  .   (helmet restricted)
rElec   .          Harm     .   P - +2 cloak
rCorr   .          Rampage  .   y - +0 pair of gloves
Will    ++...      Rage     20% N - +0 pair of boots
Stlth   ..........              (no amulet)
HPRegen 0.32/turn               q - ring of flight
MPRegen 0.11/turn               M - +6 ring of strength

@: berserking, flying, very quick
A: horns 2, retaliatory headbutt
a: Renounce Religion


You were on level 1 of the Lair of Beasts.
You worshipped Qazlal.
Qazlal was aware of your devotion.
You visited 3 branches of the dungeon, and saw 10 of its levels.
You also visited: Sewer.

You collected 453 gold pieces.
You spent 115 gold pieces at shops.

Inventory:

Hand Weapons
 a - a +0 war axe of protection
 r - a +2 mace of holy wrath
 t - the +9 rapier "Deaklyr" (weapon) {flame, *Rage rN++ Will++}
   (You found it on level 4 of the Dungeon)

   It burns those it strikes, dealing additional fire damage.
   rN:        It greatly protects you from negative energy.
   *Rage:     It berserks you when you make melee attacks (+20% chance).
   Will:      It greatly increases your willpower.
 x - a +3 flail
 D - a +4 flail
 E - a +5 falchion of chaos
 G - the +2 hand axe of Moral Flaws {vorpal, rElec Stlth+}
   (You found it on level 6 of the Dungeon)

   It inflicts extra damage upon your enemies.
   rElec:     It insulates you from electricity.
   Stlth:     It makes you more stealthy.
 H - the +9 dagger "Odielipp" {vorpal, *Noise rElec rC+}
   (You found it on level 6 of the Dungeon)

   It inflicts extra damage upon your enemies.
   rC:        It protects you from cold.
   rElec:     It insulates you from electricity.
   *Noise:    It may make noises in combat.
Missiles
 e - 8 boomerangs (quivered)
Armour
 c - a +0 buckler (worn)
 y - a +0 pair of gloves (worn)
 N - a +0 pair of boots (worn)
 P - a +2 cloak (worn)
 R - a +1 plate armour (worn)
Jewellery
 q - a ring of flight (left hand)
 F - a ring of wizardry
 K - an amulet of magic regeneration
 M - a +6 ring of strength (right hand)
 Q - a ring of resist corrosion
Wands
 z - a wand of acid (13)
 I - a wand of charming (4)
 J - a wand of paralysis (21)
 O - a wand of flame (14)
Scrolls
 b - a scroll of blinking
 g - a scroll of noise
 i - 3 scrolls of teleportation
 j - a scroll of magic mapping
 l - 2 scrolls of fear
 m - a scroll of amnesia {unknown}
 o - 2 scrolls of silence
 w - 2 scrolls of vulnerability
 B - a scroll of immolation {unknown}
Potions
 d - 2 potions of might
 f - a potion of brilliance
 h - a potion of ambrosia
 k - a potion of berserk rage
 n - 9 potions of curing
 p - a potion of cancellation
 u - a potion of attraction {unknown}
 v - a potion of degeneration {unknown}
 A - 2 potions of resistance {unknown}
 C - 4 potions of flight
 L - a potion of haste {unknown}
 U - a potion of mutation {unknown}


   Skills:
 + Level 7.7 Fighting
 + Level 9.0 Short Blades
 + Level 5.5 Axes
 + Level 3.2 Throwing
 + Level 12.2 Armour
 + Level 3.1 Dodging
 + Level 0.2 Stealth
 + Level 7.5 Shields


You had 9 spell levels left.
You didn't know any spells.
Your spell library contained the following spells:

 Spells                   Type           Power      Damage    Failure   Level
 Blink                    Tloc           0%         N/A       100%        2
 Lesser Beckoning         Tloc           0%         N/A       100%        3
 Tukima's Dance           Hex            0%         N/A       100%        3
 Passage of Golubria      Tloc           0%         N/A       100%        4
 Manifold Assault         Tloc           0%         N/A       100%        5
 Yara's Violent Unravell  Hex/Tmut       0%         3d3       100%        5


Dungeon Overview and Level Annotations

Branches:
Dungeon (8/15)             Temple (1/1) D:6            Lair (1/6) D:8
  Sewer (visited)

Altars:
Ashenzari
Dithmenos
Elyvilon
Gozag
Hepliaklqana
Kikubaaqudgha
Makhleb
Nemelex Xobeh
Okawaru
Qazlal
Ru
Sif Muna
Vehumet
Wu Jian
Xom
Yredelemnul
Zin

Shops:
D:1 *   D:2 (   D:8 [


Innate Abilities, Weirdness & Mutations

You have a pair of horns on your head.
You reflexively headbutt those who attack you in melee.


Message History

The rime drake bites you but does no damage.
Unknown command.
You puncture the rime drake! You burn the rime drake.
You kill the rime drake!
Qazlal accepts your kill.
Your Short Blades skill increases to level 9!
The ice encasing you melts away.
You start resting.
You feel yourself speed up.
You start resting.
You recover from your berserk rage.
You start resting.
HP restored.
There is a staircase to the Lair, spattered with blood here.
You fly downwards.
Welcome back to the Lair of Beasts!
You feel a wave of frost pass over you.
There is an entrance to an ice cave on this level.
Hurry and find it before the portal melts!
You hear the crackling of a very distant melting archway.
The yak misses you. You furiously retaliate!
You headbutt the yak, but do no damage.
The death yak simulacrum barely misses you.
The naga simulacrum hits you but does no damage.
The naga simulacrum closely misses you. The yak gores you but does no damage.
The death yak simulacrum gores you! The death yak simulacrum freezes you!!
There is a staircase back to the Dungeon, spattered with blood here.
You puncture the naga simulacrum!
You melt the naga simulacrum.
The naga simulacrum is almost destroyed.
The naga simulacrum hits you! The naga simulacrum freezes you!
The naga simulacrum grabs you. The naga simulacrum constricts you.
The yak gores you!
* * * LOW HITPOINT WARNING * * *
A red film seems to cover your vision as you go berserk!
You feel yourself moving faster!
You feel mighty!
You puncture the naga simulacrum!
You melt the naga simulacrum.
The naga simulacrum vaporises!
Qazlal accepts your kill. The death yak simulacrum gores you.
* * * LOW HITPOINT WARNING * * *
The death yak simulacrum freezes you!!
You die...

.^..# ..#
.....######..###
................
.(..............
................
#...............
P......Z☼Y..≈≈≈≈
#......°@≈≈≈≈≈≈≈
#.....≈≈÷≈≈≈≈≈≈≈
##≈≈≈≈≈≈≈≈≈≈.≈≈≈
≈≈≈≈≈≈≈≈≈≈......
≈≈≈≈≈≈.≈≈.......
≈≈≈..≈........8$
≈###############


You could see a yak and a death yak simulacrum.

Vanquished Creatures
  An ice dragon (D:8)
  A death yak (Lair:1)
  A deep elf pyromancer (D:7)
  Joseph (D:7)
  Maurice (D:8)
  Maggie (D:7)
  A rime drake (D:8)
  A polar bear (Lair:1)
  Prince Ribbit (D:6)
  2 steam dragons
  Eustachio (D:6)
  Menkaure (D:7)
  A water moccasin (D:6)
  Duvessa (D:4)
  An ice beast (D:6)
  3 orc warriors (D:8)
  2 centaurs
  A phantom (D:6)
  A kobold brigand (Sewer)
  7 bullfrogs
  2 scorpions (D:6)
  A necrophage (D:6)
  5 wights (D:6)
  Dowan (D:4)
  A killer bee (D:8)
  2 howler monkeys
  2 jellies (D:4)
  4 orc priests
  3 hounds
  3 iguanas (D:4)
  10 orc wizards
  5 gnolls
  7 adders
  A naga simulacrum (Lair:1)
  A river rat (D:6)
  A shadow imp (D:3)
  2 white imps
  3 ufetubi
  3 worms (D:6)
  A dart slug (D:3)
  28 orcs
  8 bats
  7 endoplasms
  3 giant cockroaches
  8 goblins
  6 hobgoblins
  10 jackals
  2 quokkas
  8 ball pythons
  4 frilled lizards (D:1)
  13 kobolds
  9 rats
194 creatures vanquished.

Vanquished Creatures (others)
  An orc wizard (D:8)
  A kobold (D:3)
  3 fungi
5 creatures vanquished.

Grand Total: 199 creatures vanquished

Notes
Turn   | Place    | Note
-------+----------+-------------------------------------------
     0 | D:1      | chopper the Minotaur Fighter began the quest for the Orb.
     0 | D:1      | Reached XP level 1. HP: 19/19 MP: 0/0
   173 | D:1      | Reached XP level 2. HP: 26/27 MP: 1/1
   293 | D:1      | Found Syodwiqu's Assorted Antiques.
   312 | D:1      | Reached skill level 4 in Armour
   385 | D:1      | Found a faded altar of an unknown god.
   824 | D:2      | Found Geezam's Antique Weapon Boutique.
   932 | D:2      | Reached XP level 3. HP: 33/33 MP: 2/2
  1183 | D:2      | Reached skill level 1 in Dodging
  1244 | D:2      | Reached XP level 4. HP: 40/40 MP: 3/3
  1649 | D:3      | Noticed a steam dragon
  1653 | D:3      | HP: 1/40 [steam dragon/ball of steam (15)]
  1660 | D:3      | Killed a steam dragon
  1661 | D:3      | Reached skill level 1 in Throwing
  1661 | D:3      | Reached skill level 5 in Armour
  1661 | D:3      | Reached XP level 5. HP: 19/47 MP: 4/4
  2098 | D:3      | Reached XP level 6. HP: 49/53 MP: 5/5
  2636 | D:4      | Reached skill level 5 in Axes
  2641 | D:4      | Identified the +9 rapier "Deaklyr" {flame, *Rage rN++
                  | Will++}
  2731 | D:4      | Noticed Dowan
  2733 | D:4      | Noticed Duvessa
  2738 | D:4      | Reached skill level 6 in Armour
  2743 | D:4      | Killed Duvessa
  2744 | D:4      | Reached skill level 1 in Short Blades
  2744 | D:4      | Reached XP level 7. HP: 51/60 MP: 6/6
  2754 | D:4      | Killed Dowan
  2755 | D:4      | Reached skill level 5 in Fighting
  2755 | D:4      | Reached skill level 5 in Shields
  3434 | D:5      | Entered Level 5 of the Dungeon
  3590 | D:5      | Reached skill level 7 in Armour
  4167 | D:6      | Reached XP level 8. HP: 68/68 MP: 7/7
  4543 | D:6      | Found a glowing drain.
  4552 | Sewer    | Entered a sewer
  4663 | Sewer    | Found a white marble altar of Elyvilon.
  4776 | D:6      | Noticed Eustachio
  4788 | D:6      | Reached skill level 8 in Armour
  4799 | D:6      | Killed Eustachio
  4893 | D:6      | Reached skill level 5 in Short Blades
  5186 | D:6      | Reached skill level 9 in Armour
  5232 | D:6      | Found a shadowy altar of Dithmenos.
  5303 | D:6      | Found a staircase to the Ecumenical Temple.
  5340 | D:6      | Reached XP level 9. HP: 75/75 MP: 8/8
  5344 | D:6      | Identified the +2 hand axe of Moral Flaws {vorpal, rElec
                  | Stlth+}
  5359 | Temple   | Entered the Ecumenical Temple
  5664 | Temple   | Became a worshipper of Qazlal Stormbringer
  5785 | D:6      | Identified the +9 dagger "Odielipp" {vorpal, *Noise rElec
                  | rC+}
  5901 | D:6      | Found an iron altar of Okawaru.
  6009 | D:6      | Noticed Prince Ribbit
  6014 | D:6      | Killed Prince Ribbit
  6479 | D:7      | Noticed Maggie
  6502 | D:7      | Killed Maggie
  6503 | D:7      | Reached skill level 10 in Armour
  6892 | D:7      | Noticed a deep elf pyromancer
  6904 | D:7      | Killed a deep elf pyromancer
  7136 | D:7      | Noticed Joseph
  7152 | D:7      | Killed Joseph
  7153 | D:7      | Reached skill level 11 in Armour
  7480 | D:7      | Noticed Menkaure
  7487 | D:7      | Killed Menkaure
  7839 | D:8      | Found a staircase to the Lair.
  7894 | D:8      | Found Ygutaeg's Armour Emporium.
  7910 | D:8      | Bought a +1 cloak for 115 gold pieces
  8030 | D:8      | Noticed Maurice
  8040 | D:8      | Killed Maurice
  8041 | D:8      | Reached XP level 10. HP: 84/84 MP: 9/9
  8334 | D:8      | Reached * piety under Qazlal
  8981 | Lair:1   | Entered Level 1 of the Lair of Beasts
  8981 | Lair:1   | Noticed a death yak
  8986 | Lair:1   | Noticed an ice dragon
  8993 | Lair:1   | Killed a death yak
  9001 | Lair:1   | Reached skill level 12 in Armour
  9008 | D:8      | Killed an ice dragon
  9346 | Lair:1   | Slain by a death yak simulacrum

Illustrated notes

Levels and vault maps discovered:
D:1:      nicolae_arrival_memento_mori, layout_loops_ring, serial_shops,
          nicolae_diamond_shop, chequers_ecumenical_altar_simple,
          minmay_indecisive_spiral
D:2:      layout_rooms, serial_shops, nicolae_shop_crystal
D:3:      layout_rooms, kennysheep_generic_room_14
D:4:      kennysheep_six_static_rooms, layout_cave_pools, uniq_duvessa
D:5:      layout_basic
D:6:      layout_rooms, mainiacjoe_overflow_alcove_4,
          mainiacjoe_overflow_six_doors_small, minmay_temple_entry_glass,
          lightli_sewer_entry_pipes, chequers_serial_rivers_small_b,
          uniq_eustachio, uniq_prince_ribbit1
D:7:      layout_cave_pools, uniq_joseph, uniq_menkaure, uniq_maggie
D:8:      layout_basic, dpeg_oklobed_lair, serial_shops, nicolae_square_shop,
          minmay_diced_spiral, uniq_maurice
Temple:   regret_index_temple_generic_petals
Lair:1:   dreamdust_isle_of_ice, layout_small_grid,
          portal_ice_cave_entry_pillars_1

Skill      XL: |  1  2  3  4  5  6  7  8  9 10 |
---------------+-------------------------------+-----
Shields        | 4 5 6 7 |  7.5
Armour         | 4 5 6 7 9 11 12 | 12.2
Dodging        | 1 2 3 |  3.1
Fighting       | 4 5 6 7 |  7.7
Axes           | 3 4 5 |  5.5
Throwing       | 1 2 3 |  3.2
Short Blades   | 1 2 5 7 9 |  9.0
Stealth        | |  0.2

Action                   |  1- 3 |  4- 6 |  7- 9 | 10-12 || total
-------------------------+-------+-------+-------+-------++-------
Melee: War axe           |    63 |    91 |       |       ||   154
       Headbutt          |     5 |    16 |    21 |    16 ||    58
       Rapier            |       |    31 |   197 |    82 ||   310
Throw: Boomerang         |     5 |    12 |    22 |     7 ||    46
  Use: Scroll            |     6 |     3 |     7 |     4 ||    20
       Potion            |       |     2 |     2 |     3 ||     7
Armor: Scale mail        |    42 |    16 |       |       ||    58
       Chain mail        |       |    76 |   106 |    52 ||   234
       Plate armour      |       |       |       |    34 ||    34
Dodge: Dodged            |    40 |    60 |    68 |    39 ||   207
Block: Buckler           |    29 |    38 |    48 |    24 ||   139

Table legend: (Time is in decaauts)
 A = Elapsed time spent in this place.
 B = Non-inter-level travel time spent in this place.
 C = Inter-level travel time spent in this place.
 D = Time resting spent in this place.
 E = Time spent auto-exploring this place.
 F = Levels seen in this place.
 G = Mean time per level.
                   A        B        C        D        E       F      G
               +--------+--------+--------+--------+--------+-----+--------+
         Total |   9732 |   9732 |      0 |   3120 |      0 |  11 |  884.7 |
       Dungeon |   9146 |   9146 |      0 |   3120 |      0 |   8 | 1143.2 |
        Temple |    348 |    348 |      0 |      0 |      0 |   1 |  348.0 |
          Lair |     17 |     17 |      0 |      0 |      0 |   1 |   17.0 |
         Sewer |    220 |    220 |      0 |      0 |      0 |   1 |  220.0 |
               +--------+--------+--------+--------+--------+-----+--------+

Top non-repeatable levels by time:
     D:7: 1669 daAuts
     D:8: 1528 daAuts
     D:6: 1392 daAuts
     D:4: 1122 daAuts
     D:5: 1012 daAuts
     D:3: 1007 daAuts
     D:1: 830 daAuts
     D:2: 582 daAuts
  Temple: 348 daAuts
   Sewer: 220 daAuts
  Lair:1: 17 daAuts
